[Event "Titled Tuesday Blitz October 11 Early 2022"]
[White "Aarav Dengla"]
[Black "Yurovskykh, Oleksandr"]
[WhiteFideId "45059756"]
[BlackFideId "14134020"]
[WhiteElo "2257"]
[BlackElo "2303"]
[Result "1-0"]
[Round "07"]
[TimeControl "180+1"]
[Date "2022.10.12"]
[WhiteClock "0:00:31"]
[BlackClock "0:00:11"]

1. e4 e6 2. d4 d5 3. exd5 exd5 4. Nf3 Bd6 5. c4 Nf6 6. Nc3 O-O 7. c5 Be7 8. b4 b6 9. a3 a5 10. Rb1 axb4 11. axb4 bxc5 12. dxc5 c6 13. Be2 Bg4 14. O-O Nbd7 15. Nd4 Bxe2 16. Qxe2 Rc8 17. Qa6 Qc7 18. Nce2 Ne5 19. Bf4 Nfd7 20. Nf5 Rfe8 21. Ned4 Bf8 22. Ra1 Nf3+ 23. Nxf3 Qxf4 24. N5d4 Qc7 25. Rfe1 Rxe1+ 26. Rxe1 g6 27. h4 Bg7 28. Re7 Kf8 29. Nxc6 Bf6 30. Na7 Bxe7 31. Qxc8+ Qxc8 32. Nxc8 Bf6 33. Ne1 Bc3 34. Nd3 Nf6 35. b5 Ke8 36. b6 Kd8 37. Nd6 Nd7 38. Nxf7+ Kc8 39. Ng5 h6 40. Nf7 Kb7 41. Nxh6 Bd4 42. Nf7 Nxc5 43. Nxc5+ Bxc5 44. Ne5 Kxb6 45. Nxg6 d4 46. h5 d3 47. Kf1 Bb4 48. h6 Bc3 49. h7 Kc5 50. h8=Q Bxh8 51. Nxh8 Kd4 52. Ke1 Kc3 53. Kd1 d2 54. Ng6 Kd3 55. Nf4+ 1-0


[Site "https://www.chess.com"]

[Event "Titled Tuesday Blitz October 11 Early 2022"]
[White "Agasarov, Benik"]
[Black "Cramling Bellon, Anna"]
[WhiteFideId "13314823"]
[BlackFideId "32009232"]
[WhiteElo "2152"]
[BlackElo "1972"]
[Result "1-0"]
[Round "07"]
[TimeControl "180+1"]
[Date "2022.10.12"]
[WhiteClock "0:01:20"]
[BlackClock "0:00:01"]

1. e4 c5 2. Nf3 e6 3. d4 cxd4 4. Nxd4 Nf6 5. Nc3 Nc6 6. Nxc6 bxc6 7. e5 Nd5 8. Ne4 Qc7 9. f4 Qb6 10. c4 Bb4+ 11. Ke2 f5 12. Nf2 Ba6 13. Kf3 Ne7 14. Be3 c5 15. a3 Qc6+ 16. Kg3 Ba5 17. b4 cxb4 18. axb4 Bxb4 19. Qa4 Bxc4 20. Qxc6 dxc6 21. Bxc4 c5 22. Bxe6 g6 23. Nd3 Bc3 24. Ra3 Bb4 25. Nxb4 cxb4 26. Rxa7 Rxa7 27. Bxa7 Nc6 28. Bc5 h5 29. Rb1 Rh7 30. Bd5 h4+ 31. Kf3 Rc7 32. Bxc6+ Rxc6 33. Bxb4 g5 34. fxg5 Rc4 35. Bd2 Rd4 36. Bf4 Rd3+ 37. Ke2 Rd4 38. g3 h3 39. g6 Re4+ 40. Kf3 Kf8 41. Rb7 Kg8 42. g4 Rc4 43. gxf5 Rc3+ 44. Kg4 Kh8 45. f6 Rc8 46. e6 1-0


[Site "https://www.chess.com"]

[Event "Titled Tuesday Blitz October 11 Early 2022"]
[White "Aizpurua, Patrick Emilio"]
[Black "Leiva, Gianmarco"]
[WhiteFideId "6600522"]
[BlackFideId "3804399"]
[WhiteElo "2378"]
[BlackElo "2285"]
[Result "0-1"]
[Round "07"]
[TimeControl "180+1"]
[Date "2022.10.11"]
[WhiteClock "0:00:57"]
[BlackClock "0:01:22"]

1. d4 Nf6 2. c4 e6 3. Nf3 d5 4. g3 dxc4 5. Bg2 Nc6 6. O-O Nd5 7. e4 Nb6 8. Be3 Be7 9. Nbd2 O-O 10. Qe2 Bf6 11. Rfd1 Nxd4 12. Nxd4 Bxd4 13. Nxc4 c5 14. Bxd4 cxd4 15. Rac1 Nxc4 16. Qxc4 e5 17. f4 Bg4 18. Re1 d3 19. Rcd1 Bxd1 20. Rxd1 Rc8 21. Qb5 Qd4+ 22. Kh1 d2 23. fxe5 Rc1 0-1


[Site "https://www.chess.com"]

[Event "Titled Tuesday Blitz October 11 Early 2022"]
[White "Alexikov, Alexander"]
[Black "Shapiro, Daniel"]
[WhiteFideId "14103958"]
[BlackFideId "2001780"]
[WhiteElo "2222"]
[BlackElo "2223"]
[Result "0-1"]
[Round "07"]
[TimeControl "180+1"]
[Date "2022.10.12"]
[WhiteClock "0:00:02"]
[BlackClock "0:00:31"]

1. e4 c5 2. Nf3 e6 3. Nc3 a6 4. d4 cxd4 5. Nxd4 Qc7 6. Bd3 Bd6 7. g3 Nc6 8. Nb3 Be7 9. f4 d6 10. a3 h5 11. Be3 Nf6 12. h3 b5 13. Qe2 Bb7 14. Nd1 Na5 15. Nxa5 Qxa5+ 16. Bd2 Qb6 17. Nf2 e5 18. O-O-O O-O-O 19. Kb1 Kb8 20. Rhf1 Bc6 21. Qe1 Rc8 22. Ba5 Qb7 23. Bb4 Rhe8 24. Qe2 d5 25. fxe5 Nd7 26. exd5 Bxd5 27. Qxh5 Bxb4 28. axb4 Nxe5 29. Be4 Bxe4 30. Nxe4 Qxe4 31. Rd2 Qxb4 32. Rd5 Nc4 0-1


[Site "https://www.chess.com"]

[Event "Titled Tuesday Blitz October 11 Early 2022"]
[White "Andreikin, Dmitry"]
[Black "Xu, Yi"]
[WhiteFideId "4158814"]
[BlackFideId "8605564"]
[WhiteElo "2736"]
[BlackElo "2471"]
[Result "1/2-1/2"]
[Round "07"]
[TimeControl "180+1"]
[Date "2022.10.11"]
[WhiteClock "0:00:25"]
[BlackClock "0:00:10"]

1. Nf3 d5 2. g3 Nd7 3. d4 Nb6 4. Bg2 Bf5 5. Nh4 Bg4 6. h3 Bh5 7. Bg5 h6 8. Be3 e6 9. Nd2 Bd6 10. c4 Be7 11. cxd5 Nxd5 12. Qb3 Nxe3 13. Qxe3 Bxh4 14. gxh4 c6 15. Qe5 Nf6 16. Ne4 Nxe4 17. Bxe4 Qxh4 18. Rg1 O-O-O 19. Rc1 Qf6 20. Rxg7 Qxe5 21. dxe5 Rdg8 22. Rxg8+ Rxg8 23. Rc3 Rg5 24. f4 Rg8 25. Kf2 Kd7 26. b4 a6 27. a4 Ke7 28. b5 axb5 29. axb5 Rc8 30. bxc6 bxc6 31. Rxc6 Rxc6 32. Bxc6 Bg6 33. h4 Bb1 34. Ke3 Bc2 35. Kd4 Bd1 36. e3 Bc2 37. Bb5 Bb3 38. Bd3 Bd1 39. Be4 Be2 40. Kc5 Bd1 41. Kb6 Be2 42. Kc7 Bd1 43. Bd3 Bf3 44. Kb6 Bd5 45. Kc5 Bf3 46. Bc2 Be2 47. Kd4 Bf3 48. Bd3 Bd1 49. Bc4 Bf3 50. e4 Bg4 51. Bd3 Bh3 52. f5 exf5 53. exf5 f6 54. e6 Bg4 55. Ke4 Bd1 56. Kf4 Bh5 57. Be4 Kd6 58. Bf3 Be8 59. Kg4 Ke7 60. Kf4 Kf8 61. Be4 Ke7 62. Ke3 Kd6 63. Kd4 Bh5 64. Bd3 Bg4 65. Kc4 Bh5 66. Kb5 Bg4 67. Kb6 Bh5 68. Kb7 Bg4 69. Kc8 Ke7 70. Kc7 Bh5 71. Be4 Bg4 72. Kc6 Bh5 73. Kd5 Bg4 74. Kd4 Bh5 75. Ke3 Bg4 76. Kf4 Bh5 77. Bc6 Kd6 78. Bb5 Ke7 79. Bf1 Kd6 80. Bh3 Ke7 81. Bg4 Be8 82. Ke3 Kd6 83. Kd4 Ke7 84. Kc5 Ba4 85. Bh5 Bc2 86. Bg4 Be4 87. Kd4 Bc6 88. Bd1 Bb5 89. Kc5 Bd3 90. Bg4 Be4 91. Kd4 Bc6 92. Ke3 Ba4 93. Kf4 Bc6 94. Bf3 Be8 95. Ke3 Kd6 96. Kd4 Ba4 97. Bh5 Ke7 98. Kc5 Bc2 99. Bg6 Be4 100. Kd4 Bf3 101. Ke3 Bd1 102. Kf4 Kd6 103. Be8 Ke7 104. Bc6 1/2-1/2


[Site "https://www.chess.com"]

[Event "Titled Tuesday Blitz October 11 Early 2022"]
[White "Ardila, Oscar Humberto"]
[Black "Toshali, V"]
[WhiteFideId "4404742"]
[BlackFideId "5072611"]
[WhiteElo "1898"]
[BlackElo "1973"]
[Result "1-0"]
[Round "07"]
[TimeControl "180+1"]
[Date "2022.10.12"]
[WhiteClock "0:00:42"]
[BlackClock "0:00:19"]

1. d4 d5 2. c4 c6 3. Nc3 Nf6 4. Nf3 dxc4 5. a4 e6 6. e3 c5 7. Bxc4 cxd4 8. Qxd4 Qxd4 9. Nxd4 Be7 10. Ke2 O-O 11. Ndb5 Na6 12. Rd1 b6 13. e4 Bb7 14. f3 Nc5 15. Be3 a6 16. Nd6 Bc6 17. e5 Nd5 18. Bxc5 Nxc3+ 19. bxc3 bxc5 20. a5 Rfb8 21. Rab1 Ba4 22. Rdc1 Rd8 23. Rb6 Bxd6 24. exd6 Bb5 25. Kd3 Bxc4+ 26. Kxc4 Kf8 27. Kxc5 Rac8+ 28. Kd4 f6 29. c4 e5+ 30. Kd5 Ra8 31. c5 Rd7 32. c6 1-0


[Site "https://www.chess.com"]

[Event "Titled Tuesday Blitz October 11 Early 2022"]
[White "Asavasaetakul, Chawit"]
[Black "Ianov, Viktor"]
[WhiteFideId "6204856"]
[BlackFideId "14102730"]
[WhiteElo "1919"]
[BlackElo "2152"]
[Result "0-1"]
[Round "07"]
[TimeControl "180+1"]
[Date "2022.10.12"]
[WhiteClock "0:00:15"]
[BlackClock "0:00:15"]

1. e4 d6 2. d4 Nf6 3. Nc3 c6 4. Nf3 Bg4 5. Bc4 e6 6. h3 Bh5 7. Qe2 Be7 8. e5 Nd5 9. Ne4 dxe5 10. dxe5 Nd7 11. Nd6+ Bxd6 12. exd6 O-O 13. Bb3 Nc5 14. O-O Qxd6 15. Rd1 Qc7 16. c4 Nf6 17. Be3 b6 18. Bc2 a5 19. a3 a4 20. Bd4 Rfd8 21. Be5 Qe7 22. Qe3 h6 23. g4 Bg6 24. Bxg6 fxg6 25. Nd4 Rac8 26. Re1 g5 27. Rad1 Qf7 28. Kg2 Rd7 29. Rd2 Rcd8 30. Red1 Rc8 31. Qf3 Nfe4 32. Qxf7+ Kxf7 33. Re2 Nd6 34. Nf3 Nxc4 35. Bd4 Rcd8 36. Rc2 b5 37. Kf1 Kg8 38. Ke1 Nb3 39. Rc3 Nxd4 40. Nxd4 Rxd4 41. Rxd4 Rxd4 42. Rf3 e5 43. Rc3 e4 44. Ke2 Rd3 45. Rxd3 exd3+ 46. Kxd3 Nxb2+ 47. Kc3 Nc4 48. Kb4 Kf7 0-1


[Site "https://www.chess.com"]

[Event "Titled Tuesday Blitz October 11 Early 2022"]
[White "Averjanov, Alexey"]
[Black "Gulevich, Artem"]
[WhiteFideId "14109867"]
[BlackFideId "24119580"]
[WhiteElo "2673"]
[BlackElo "2218"]
[Result "1-0"]
[Round "07"]
[TimeControl "180+1"]
[Date "2022.10.12"]
[WhiteClock "0:02:03"]
[BlackClock "0:00:53"]

1. d4 d5 2. c4 c6 3. e3 Nf6 4. Bd3 e5 5. Nc3 e4 6. Bc2 Bg4 7. f3 exf3 8. Nxf3 dxc4 9. O-O Be7 10. e4 O-O 11. Be3 Bh5 12. Qe1 Bg6 13. Ne5 Nbd7 14. Nxg6 fxg6 15. Qg3 Nb6 16. a4 c5 17. d5 Nbd7 18. d6 1-0


[Site "https://www.chess.com"]

[Event "Titled Tuesday Blitz October 11 Early 2022"]
[White "Azarov, Sergei"]
[Black "Kodinets, Konstantin L."]
[WhiteFideId "13501470"]
[BlackFideId "4122011"]
[WhiteElo "2494"]
[BlackElo "2447"]
[Result "1-0"]
[Round "07"]
[TimeControl "180+1"]
[Date "2022.10.12"]
[WhiteClock "0:00:20"]
[BlackClock "0:00:12"]

1. e4 e5 2. Nf3 d6 3. Nc3 Nf6 4. Bc4 Be7 5. d3 O-O 6. h3 Nc6 7. a3 h6 8. g4 Nh7 9. Be3 Be6 10. Nd5 Bxd5 11. Bxd5 Ng5 12. h4 Nxf3+ 13. Qxf3 Bxh4 14. O-O-O Nd4 15. Bxd4 exd4 16. Kb1 c6 17. Bb3 Bg5 18. Rdf1 Qf6 19. Qxf6 Bxf6 20. f4 a5 21. Rh5 a4 22. Ba2 b6 23. g5 Ra5 24. Rfh1 Bxg5 25. fxg5 Rxg5 26. Rxg5 hxg5 27. Rg1 g6 28. Rxg5 Kg7 29. b3 axb3 30. Bxb3 b5 31. a4 f6 32. Rg1 Rb8 33. axb5 Rxb5 34. Kc1 f5 35. exf5 Rxf5 36. Re1 g5 37. Kd2 g4 38. Rg1 Rg5 39. Be6 g3 40. Bd7 c5 41. Ke2 Kf6 42. Kf3 Rg7 43. Bc6 Rc7 44. Bd5 Ke5 45. Bg8 Rg7 46. Rxg3 Rxg3+ 47. Kxg3 d5 48. Kf3 Kd6 49. Kf4 c4 50. dxc4 1-0


[Site "https://www.chess.com"]

[Event "Titled Tuesday Blitz October 11 Early 2022"]
[White "Bacrot, Etienne"]
[Black "Shuvalova, Polina"]
[WhiteFideId "605506"]
[BlackFideId "24171760"]
[WhiteElo "2666"]
[BlackElo "2392"]
[Result "1/2-1/2"]
[Round "07"]
[TimeControl "180+1"]
[Date "2022.10.11"]
[WhiteClock "0:00:06"]
[BlackClock "0:00:08"]

1. Nf3 d5 2. g3 g6 3. Bg2 Bg7 4. O-O Nf6 5. b3 O-O 6. Bb2 c5 7. c4 Nc6 8. cxd5 Nxd5 9. Bxg7 Kxg7 10. Qc1 Qd6 11. Nc3 b6 12. Nxd5 Qxd5 13. d4 Bb7 14. dxc5 bxc5 15. Rd1 Nd4 16. Qb2 f6 17. Ne1 Qd7 18. Bxb7 Qxb7 19. e3 Ne6 20. h4 Rfd8 21. Qe2 Qe4 22. Qf3 Qxf3 23. Nxf3 a5 24. Rxd8 Rxd8 25. Rc1 a4 26. bxa4 Rd3 27. Ne1 Ra3 28. Rc4 Rxa2 29. Kf1 h5 30. Nd3 Kf7 31. Ke1 Ke8 32. Kd1 Kd7 33. Kc1 Kd6 34. Kb1 Rd2 35. Nf4 Rxf2 36. Nxe6 Kxe6 37. a5 Kd6 38. a6 Kc6 39. Rxc5+ Kb6 40. a7 Kxa7 41. Rc7+ Kb6 42. Rxe7 Rf3 43. Kc2 Kc5 44. Kd3 Rxg3 45. Re6 f5 46. Ke2 Kd5 47. Ra6 Ke4 48. Kf2 Rg4 49. Rb6 Ke5 50. Kf3 Kd5 51. Ra6 Ke5 52. Rb6 Rxh4 53. Rxg6 Rg4 54. Rh6 h4 55. Ra6 Re4 56. Rh6 Rg4 57. Kf2 Ke4 58. Re6+ Kd5 59. Rh6 Ke5 60. Kf3 Rg3+ 61. Kf2 Rg4 62. Kf3 Kd5 63. Kf2 Ke5 1/2-1/2


[Site "https://www.chess.com"]

[Event "Titled Tuesday Blitz October 11 Early 2022"]
[White "Barria Zuniga, Daniel"]
[Black "Titichoca Daza, Daniel"]
[WhiteFideId "3400816"]
[BlackFideId "3309550"]
[WhiteElo "2414"]
[BlackElo "2105"]
[Result "1-0"]
[Round "07"]
[TimeControl "180+1"]
[Date "2022.10.12"]
[WhiteClock "0:00:34"]
[BlackClock "0:00:02"]

1. d4 d5 2. c4 dxc4 3. Nf3 Nf6 4. e3 e6 5. Bxc4 a6 6. Nc3 c5 7. O-O Nc6 8. Qe2 Be7 9. dxc5 Bxc5 10. e4 Ng4 11. Bf4 Qf6 12. Bg3 Nge5 13. Nxe5 Nxe5 14. Bb3 O-O 15. Kh1 b5 16. f4 Nc6 17. e5 Qe7 18. Qg4 Nd4 19. Bh4 Qc7 20. Rac1 Bb7 21. Bc2 Nxc2 22. Rxc2 Be7 23. Bf6 Bxf6 24. exf6 g6 25. Qg5 Qd8 26. Rd2 Bd5 27. Nxd5 exd5 28. Rxd5 Qb6 29. Rfd1 Rfe8 30. h4 h5 31. Rd6 1-0


[Site "https://www.chess.com"]

[Event "Titled Tuesday Blitz October 11 Early 2022"]
[White "Baskakov, Egor"]
[Black "Migot, Tangi"]
[WhiteFideId "24197866"]
[BlackFideId "662445"]
[WhiteElo "2211"]
[BlackElo "2486"]
[Result "1-0"]
[Round "07"]
[TimeControl "180+1"]
[Date "2022.10.12"]
[WhiteClock "0:01:10"]
[BlackClock "0:00:11"]

1. e4 c5 2. Nf3 Nc6 3. Nc3 d6 4. d4 cxd4 5. Nxd4 Nf6 6. g3 e5 7. Nde2 h5 8. h3 h4 9. g4 Be7 10. Bg2 Be6 11. O-O Nd7 12. Nd5 g5 13. Be3 Nf8 14. Qd2 f6 15. f4 gxf4 16. Bxf4 exf4 17. Nexf4 Ne5 18. Kh1 Qd7 19. Nxe6 Nxe6 20. Rxf6 Rf8 21. Rxe6 Qxe6 22. Nc7+ Kd7 23. Nxe6 Kxe6 24. Qd5+ Kf6 25. Qxb7 Rae8 26. Rf1+ Kg7 27. Rxf8 Kxf8 28. Qxa7 Rc8 29. c3 Kf7 30. Bf1 Rf8 31. Kg2 Ke6 32. Be2 Rf4 33. Bd1 Rxe4 34. Qb7 d5 35. Bf3 Nxf3 36. Kxf3 Bd6 37. Qc8+ Ke7 38. Qf5 Re5 39. Qh7+ Ke6 40. Qxh4 Bc5 41. Qh6+ Kd7 42. Qg7+ Kd6 43. Qf8+ Kc6 44. Qc8+ Kd6 45. b4 Be3 46. Qb8+ Ke6 47. Qxe5+ Kxe5 48. Kxe3 1-0


[Site "https://www.chess.com"]

[Event "Titled Tuesday Blitz October 11 Early 2022"]
[White "Begunov, Konstantin"]
[Black "Martic, Ivan"]
[WhiteFideId "4118510"]
[BlackFideId "929301"]
[WhiteElo "2225"]
[BlackElo "2355"]
[Result "1-0"]
[Round "07"]
[TimeControl "180+1"]
[Date "2022.10.12"]
[WhiteClock "0:00:52"]
[BlackClock "0:01:42"]

1. d4 Nf6 2. c4 e6 3. Nf3 d5 4. Nc3 dxc4 5. e4 b5 6. e5 Nd5 7. a4 b4 8. Ne4 Ba6 9. Bg5 Qd7 10. Rc1 c3 11. Bxa6 cxb2 12. Bb7 bxc1=Q 13. Qxc1 Nb6 14. a5 b3 15. axb6 axb6 16. Bxa8 Qb5 17. Ned2 b2 18. Qxc7 b1=Q+ 19. Nxb1 Qxb1+ 20. Ke2 Qb5+ 21. Ke3 Qb3+ 22. Kf4 1-0


[Site "https://www.chess.com"]

[Event "Titled Tuesday Blitz October 11 Early 2022"]
[White "Bilan, Danila"]
[Black "Orlov, Georgi"]
[WhiteFideId "24161918"]
[BlackFideId "2011271"]
[WhiteElo "2203"]
[BlackElo "2575"]
[Result "0-1"]
[Round "07"]
[TimeControl "180+1"]
[Date "2022.10.12"]
[WhiteClock "0:00:02"]
[BlackClock "0:01:27"]

1. d4 Nf6 2. Nf3 e6 3. g3 b5 4. Bg2 Bb7 5. O-O c5 6. a4 b4 7. c4 cxd4 8. Qxd4 Qc8 9. b3 Na6 10. Bb2 Nc5 11. Nbd2 d6 12. Ng5 Bxg2 13. Kxg2 Qc6+ 14. Kg1 e5 15. Qe3 h6 16. Nh3 Be7 17. f3 g5 18. Ne4 Nfxe4 19. fxe4 Qxe4 20. Qf2 O-O 21. Qf5 Qxf5 22. Rxf5 Nxb3 23. Rd1 a5 24. Nf2 Nc5 25. h4 f6 26. Ng4 Kg7 27. hxg5 hxg5 28. Kg2 Kg6 29. Ne3 Nxa4 30. Bc1 Nc3 31. Rdf1 a4 32. Bd2 Ne4 0-1


[Site "https://www.chess.com"]

[Event "Titled Tuesday Blitz October 11 Early 2022"]
[White "Blokhin, Sofia"]
[Black "Namitbir Singh Walia"]
[WhiteFideId "4508190"]
[BlackFideId "35071068"]
[WhiteElo "2005"]
[BlackElo "2239"]
[Result "0-1"]
[Round "07"]
[TimeControl "180+1"]
[Date "2022.10.12"]
[WhiteClock "0:00:59"]
[BlackClock "0:00:44"]

1. d4 Nf6 2. c4 c5 3. d5 d6 4. Nc3 g6 5. e4 Bg7 6. f4 e6 7. e5 dxe5 8. fxe5 Nfd7 9. dxe6 fxe6 10. Ne4 Qh4+ 11. Ng3 Bxe5 12. Qb3 Nc6 13. Nh3 Nd4 14. Qd3 O-O 15. Bg5 Qg4 16. Be2 Nxe2 17. Nxe2 Bxb2 18. Rb1 Ne5 19. Qd6 Qxg2 20. Rg1 Qxh3 21. Rxb2 Nd3+ 22. Kd2 Nxb2 23. Rg3 Nxc4+ 24. Kc2 Nxd6 25. Rxh3 Rf2 26. Kd3 e5 0-1


[Site "https://www.chess.com"]

[Event "Titled Tuesday Blitz October 11 Early 2022"]
[White "Boraso, Alessio"]
[Black "Troltenier, Dirk"]
[WhiteFideId "848077"]
[BlackFideId "4606400"]
[WhiteElo "2286"]
[BlackElo "2276"]
[Result "0-1"]
[Round "07"]
[TimeControl "180+1"]
[Date "2022.10.12"]
[WhiteClock "0:00:03"]
[BlackClock "0:01:03"]

1. e4 e5 2. Nc3 Nf6 3. Nf3 Nc6 4. a3 Be7 5. d4 exd4 6. Nxd4 Nxd4 7. Qxd4 d6 8. Bc4 O-O 9. O-O Be6 10. f3 c6 11. Be3 d5 12. exd5 cxd5 13. Bb3 b6 14. Rad1 Qc7 15. Kh1 Rfd8 16. Qf4 Qxf4 17. Bxf4 d4 18. Bxe6 dxc3 19. Bb3 cxb2 20. a4 Rxd1 21. Rxd1 Rd8 22. Rxd8+ Bxd8 23. Ba2 Nd5 24. Bd2 Bg5 25. f4 Bxf4 26. Bxf4 Nxf4 27. a5 Ne2 28. c4 Nc3 0-1


[Site "https://www.chess.com"]

[Event "Titled Tuesday Blitz October 11 Early 2022"]
[White "Boros, Denes"]
[Black "Kamsky, Gata"]
[WhiteFideId "722340"]
[BlackFideId "2000024"]
[WhiteElo "2464"]
[BlackElo "2666"]
[Result "0-1"]
[Round "07"]
[TimeControl "180+1"]
[Date "2022.10.11"]
[WhiteClock "0:00:15"]
[BlackClock "0:00:19"]

1. e4 e5 2. Nf3 Nc6 3. Bc4 Nf6 4. d3 h6 5. Nc3 d6 6. h3 g6 7. Be3 Bg7 8. Qd2 Na5 9. g4 Nxc4 10. dxc4 b6 11. Ng1 Bb7 12. f3 h5 13. g5 Nd7 14. Nge2 Nc5 15. Nd5 Ne6 16. h4 c6 17. Ndc3 Qe7 18. O-O-O Rd8 19. Kb1 Rd7 20. Rhf1 O-O 21. Ng3 Rfd8 22. Nf5 gxf5 23. exf5 d5 24. fxe6 Qxe6 25. cxd5 cxd5 26. Bg1 Qh3 27. Qe1 Qf5 28. f4 d4 29. fxe5 Qxe5 30. Qxe5 Bxe5 31. Ne2 Ba6 32. Rfe1 d3 33. Nc3 Bg3 34. Ne4 dxc2+ 35. Kxc2 Bd3+ 36. Kb3 Bc4+ 0-1


[Site "https://www.chess.com"]

[Event "Titled Tuesday Blitz October 11 Early 2022"]
[White "Bortnyk, Olexandr"]
[Black "Drozdowski, Kacper"]
[WhiteFideId "14120828"]
[BlackFideId "1136720"]
[WhiteElo "2723"]
[BlackElo "2485"]
[Result "1-0"]
[Round "07"]
[TimeControl "180+1"]
[Date "2022.10.11"]
[WhiteClock "0:00:04"]
[BlackClock "0:00:05"]

1. e4 c5 2. c3 d6 3. d4 Nf6 4. Bd3 Nc6 5. Nf3 e5 6. d5 Nb8 7. h3 Be7 8. Be3 O-O 9. g4 c4 10. Bc2 Nbd7 11. Nbd2 Qc7 12. g5 Nh5 13. Nxe5 Nxe5 14. Qxh5 Nd3+ 15. Bxd3 cxd3 16. f4 f5 17. gxf6 Bxf6 18. Rg1 b5 19. Rc1 b4 20. Nf3 bxc3 21. bxc3 Ba6 22. Bd4 d2+ 23. Kxd2 Qc4 24. Rc2 Qd3+ 25. Kc1 Bxd4 26. cxd4 Qe3+ 27. Kb2 Rab8+ 28. Ka1 Qxe4 29. Rc7 Kh8 30. Qg4 Qg6 31. Qxg6 hxg6 32. Nh4 Bd3 33. Rc3 Be4 34. Nxg6+ Bxg6 35. Rxg6 Rxf4 36. Rb3 Re8 37. Kb2 Re2+ 38. Ka3 Rxd4 39. Rxd6 Rdd2 40. Kb4 Rxa2 41. Kb5 Kh7 42. Rd7 Red2 43. Kc6 Rac2+ 44. Kd6 a5 45. Rg3 Kh6 46. Rdxg7 a4 47. R7g4 Kh5 48. Rg8 Kh4 49. R3g7 1-0


[Site "https://www.chess.com"]

[Event "Titled Tuesday Blitz October 11 Early 2022"]
[White "Carbone, Diego"]
[Black "Makhmudov, Shukhrat"]
[WhiteFideId "3002179"]
[BlackFideId "14200775"]
[WhiteElo "2243"]
[BlackElo "2135"]
[Result "0-1"]
[Round "07"]
[TimeControl "180+1"]
[Date "2022.10.12"]
[WhiteClock "0:00:09"]
[BlackClock "0:00:43"]

1. d4 Nf6 2. c4 e6 3. g3 d5 4. Nf3 c6 5. Bg2 Bb4+ 6. Bd2 Be7 7. Qc2 Nbd7 8. O-O O-O 9. Bf4 Ne4 10. h4 f5 11. Nc3 Ndf6 12. Rad1 Bd6 13. Bxd6 Qxd6 14. Ne5 Bd7 15. e3 Be8 16. Ne2 Bh5 17. Nf4 Bxd1 18. Rxd1 Nd7 19. Nfd3 Nxe5 20. Nxe5 Rac8 21. c5 Qc7 22. Rd3 b6 23. b4 a5 24. cxb6 Qxb6 25. bxa5 Qxa5 26. Bxe4 fxe4 27. Rc3 c5 28. dxc5 Qc7 29. Ng4 h5 30. Nh2 Rf7 31. Nf1 Qe5 32. Qd2 Rfc7 33. Qd4 Qf6 34. Nd2 Rf8 35. Qxf6 gxf6 36. Nb3 Ra8 37. Rc2 e5 38. Kf1 Ra4 39. c6 Rc4 40. Rxc4 dxc4 41. Na5 c3 42. Ke2 Ra7 43. Nc4 Kf7 44. Kd1 Ke6 45. Kc2 Rxa2+ 46. Kxc3 Rxf2 47. Nd2 f5 48. Nc4 Rg2 49. Kb4 Rxg3 50. Kc5 f4 51. Nb6 fxe3 52. c7 Rg8 0-1


[Site "https://www.chess.com"]

[Event "Titled Tuesday Blitz October 11 Early 2022"]
[White "Carrasco Miranda, Andres"]
[Black "Fernandez Hernandez, Gerardo"]
[WhiteFideId "3405990"]
[BlackFideId "2207400"]
[WhiteElo "2183"]
[BlackElo "2161"]
[Result "1-0"]
[Round "07"]
[TimeControl "180+1"]
[Date "2022.10.12"]
[WhiteClock "0:01:46"]
[BlackClock "0:00:29"]

1. d4 Nf6 2. c4 c5 3. d5 b5 4. cxb5 a6 5. bxa6 g6 6. Nc3 Bg7 7. a7 Rxa7 8. e4 O-O 9. Nf3 d6 10. Be2 Ba6 11. O-O Qa5 12. Bd2 Bxe2 13. Qxe2 Qa6 14. Qxa6 Nxa6 15. e5 Nd7 16. exd6 exd6 17. Nb5 Rb7 18. a4 Bxb2 19. Rab1 Be5 20. Nxe5 dxe5 21. Bc3 Nc7 22. Nxc7 Rxc7 23. Rfe1 Ra8 24. f4 exf4 25. Re7 Raa7 26. Rb8+ Nf8 27. Ree8 h5 28. Rxf8+ Kh7 29. Rh8# 1-0


[Site "https://www.chess.com"]

[Event "Titled Tuesday Blitz October 11 Early 2022"]
[White "Chernomordik, Pavel"]
[Black "Manon-og, Ramon Jr."]
[WhiteFideId "2804530"]
[BlackFideId "5200776"]
[WhiteElo "2217"]
[BlackElo "2227"]
[Result "1-0"]
[Round "07"]
[TimeControl "180+1"]
[Date "2022.10.12"]
[WhiteClock "0:00:16"]
[BlackClock "0:00:05"]

1. e4 c5 2. Nc3 d6 3. f4 Nc6 4. Nf3 g6 5. Bb5 Bg7 6. O-O e6 7. Bxc6+ bxc6 8. d3 Ne7 9. Be3 O-O 10. Bf2 Rb8 11. Rb1 Qa5 12. Qd2 d5 13. Nxd5 Qd8 14. Nc3 c4 15. Bxa7 Ra8 16. Bc5 cxd3 17. cxd3 Ba6 18. Rfd1 Qc7 19. d4 Rfd8 20. Qe3 Bh6 21. g3 Rd7 22. Ne5 Rdd8 23. Bxe7 Qxe7 24. Nxc6 Qc7 25. Nxd8 Rxd8 26. d5 exd5 27. Nxd5 Qa5 28. b4 Qxa2 29. Nc3 Rxd1+ 30. Rxd1 Qb2 31. Rd8+ Bf8 32. Qd2 Qxb4 33. Nd5 Qb1+ 34. Kf2 Qf1+ 35. Ke3 Qg1+ 36. Qf2 Qc1+ 37. Kf3 Qa3+ 38. Qe3 Qb2 39. Nc3 h5 40. Qc5 1-0


[Site "https://www.chess.com"]

[Event "Titled Tuesday Blitz October 11 Early 2022"]
[White "Ciuffoletti, Paolo"]
[Black "Jaskolka, Tomasz"]
[WhiteFideId "807630"]
[BlackFideId "1170791"]
[WhiteElo "2143"]
[BlackElo "2126"]
[Result "0-1"]
[Round "07"]
[TimeControl "180+1"]
[Date "2022.10.12"]
[WhiteClock "0:00:01"]
[BlackClock "0:00:03"]

1. e4 e6 2. d4 d5 3. e5 Nc6 4. Nf3 f6 5. c4 Nce7 6. Nc3 c6 7. Bd3 Nf5 8. O-O g6 9. cxd5 cxd5 10. Re1 Be7 11. exf6 Nxf6 12. Bxf5 exf5 13. Bh6 Ne4 14. Bg7 Rg8 15. Be5 Be6 16. Qb3 Qd7 17. Rac1 Rc8 18. Nb5 Kf7 19. Bf4 Kg7 20. Ne5 Qd8 21. Nxa7 Rxc1 22. Rxc1 Qa5 23. Qxb7 Re8 24. Nac6 Qa4 25. Nxe7 Kf6 26. N7c6 Qxa2 27. Qxh7 Rg8 28. Qh4+ Kg7 29. Qe7+ Kh8 30. Qxe6 Qxb2 31. Rf1 Qe2 32. Nxg6+ Kh7 33. Qf7+ Rg7 34. Nf8+ Kh8 35. Ng6+ Kh7 36. Nf8+ Kh8 37. Qe8 Qf3 38. Bg3 Nxg3 39. hxg3 Qg4 40. Ne6+ Kh7 41. Nxg7 f4 42. Qf7 f3 43. Qf5+ Qg6 0-1


[Site "https://www.chess.com"]

[Event "Titled Tuesday Blitz October 11 Early 2022"]
[White "Colas, Joshua"]
[Black "Beerdsen, Thomas"]
[WhiteFideId "2044447"]
[BlackFideId "1030108"]
[WhiteElo "2347"]
[BlackElo "2567"]
[Result "1-0"]
[Round "07"]
[TimeControl "180+1"]
[Date "2022.10.11"]
[WhiteClock "0:00:15"]
[BlackClock "0:00:30"]

1. Nf3 h6 2. e4 g5 3. h3 Bg7 4. d4 c5 5. dxc5 Na6 6. c3 Nxc5 7. e5 d6 8. exd6 Nf6 9. Bb5+ Bd7 10. Bxd7+ Qxd7 11. O-O O-O-O 12. b4 Nce4 13. Qd4 Qxd6 14. Qxa7 g4 15. hxg4 Nxg4 16. Be3 Ng5 17. Qc5+ Qxc5 18. Bxc5 Nxf3+ 19. gxf3 Ne5 20. Kg2 Nd3 21. Bxe7 Rd7 22. Bh4 Re8 23. Na3 Bxc3 24. Rac1 Nf4+ 25. Kh2 Ne2 26. Nb5 Rd3 27. Bg3 Kd7 28. Rcd1 Rxd1 29. Rxd1+ Ke6 30. Nc7+ Ke7 31. Nxe8 Kxe8 32. b5 Ba5 33. a4 Nc3 34. Rd4 Ke7 35. Kg2 Ke6 36. Rd6+ Kf5 37. Rd7 Nxa4 38. Rxf7+ Ke6 39. Rxb7 Nc5 40. Rh7 Bd2 41. f4 Kf5 42. Rxh6 Nd3 43. Rd6 Ne1+ 44. Kf1 Bb4 45. Rd5+ Kg4 46. Rg5+ Kf3 47. b6 Nd3 48. b7 Bd6 49. Rd5 1-0


[Site "https://www.chess.com"]